 Dungeon Crawl Stone Soup version 0.19.5 (webtiles) character file.

36 tidbits the Sneak (level 3, 4/24 HPs)
             Began as a High Elf Wanderer on Aug 8, 2017.
             Quit the game on level 2 of the Dungeon.
             The game lasted 00:04:23 (587 turns).

tidbits the Sneak (High Elf Wanderer)                Turns: 587, Time: 00:04:24

Health: 4/24       AC:  2    Str: 13    XL:     3   Next: 19%
Magic:  4/4        EV: 12    Int: 15    God:
Gold:   44         SH:  0    Dex: 14    Spells: 0 memorised, 2 levels left

rFire  . . .     SeeInvis .     a - +0 falchion
rCold  . . .     Gourm    .     B - +0 robe
rNeg   . . .     Faith    .     (no shield)
rPois  .         Spirit   .     (no helmet)
rElec  .         Reflect  .     (no cloak)
rCorr  .         Harm     .     (no gloves)
MR     .....                    (no boots)
Stlth  +++.......               (no amulet)
                                (no ring)
                                (no ring)

@: lethally poisoned (4 -> -12)
A: no striking features
a: no special abilities


You were on level 2 of the Dungeon.
You were not hungry.

You visited 1 branch of the dungeon, and saw 3 of its levels.

You collected 44 gold pieces.

Inventory:

Hand Weapons
 a - a +0 falchion (weapon)
 b - a +0 dagger
 h - a +0 hunting sling
   (You found it on level 1 of the Dungeon)
Missiles
 m - 24 sling bullets
Armour
 B - a +0 robe (worn)
Wands
 e - a wand of enslavement (14/24)
Scrolls
 c - a scroll of teleportation
 d - a scroll of noise {unknown}
 i - a scroll of remove curse {unknown}
Potions
 l - a potion of lignification {unknown}
Comestibles
 f - 2 bread rations


   Skills:
 - Level 2.0 Fighting
 + Level 3.9 Long Blades
 - Level 2.1 Dodging
 - Level 4.3 Stealth
 - Level 1.0 Evocations


You had 2 spell levels left.
You didn't know any spells.

Dungeon Overview and Level Annotations

Branches:
Dungeon (3/15)

Altars:


Message History

Your adder bites the hobgoblin.
The hobgoblin is poisoned.
Your adder poisons the hobgoblin!
The hobgoblin misses your adder.
The hobgoblin hits you but does no damage.
The kobold misses your adder.
You hit the hobgoblin but do no damage.
The hobgoblin is almost dead.
The hobgoblin dies!
Your adder closely misses the kobold.
The kobold throws a stone.
The stone hits you.
* * * LOW HITPOINT WARNING * * *
Your adder closely misses the kobold.
What are your orders? t - Shout!
Orders for allies: a - Attack new target. r - Retreat! s - Stop attacking. g - Guard the area. f - Follow me.
Anything else - Cancel.
Gang up on whom?
Press: ? - help, Dir - move target cursor, f - kobold
Aim: a kobold Attack!
Your adder barely misses the kobold.
You closely miss the kobold.
Your adder closely misses the kobold.
The kobold barely misses you.
You miss the kobold.
Your adder closely misses the kobold.
The kobold barely misses you.
Your adder bites the kobold.
You hit the kobold.
You kill the kobold!
What are your orders? t - Shout!
Orders for allies: a - Attack new target. r - Retreat! s - Stop attacking. g - Guard the area. f - Follow me.
Anything else - Cancel.
Gang up on whom?
Press: ? - help, Dir - move target cursor, f - worm
Aim: a worm Attack!
The adder is no longer charmed.
The adder barely misses you. The adder bites you.
* * * LOW HITPOINT WARNING * * *
You feel much better. The adder bites you.
You are poisoned.
The adder poisons you!
You feel sick.
You hit the adder but do no damage. The adder bites you.
You are more poisoned.
The adder poisons you! The adder closely misses you.
You riposte.
You miss the adder.
It was a potion of magic.
Magic courses through your body.
You feel sick. The adder closely misses you.
You barely miss the adder.
You feel sick. The adder barely misses you.
You riposte.
You slash the adder!
The adder is heavily wounded.
It was a potion of curing.
You feel better. The adder closely misses you. The adder barely misses you.
You closely miss the adder.
The adder is heavily wounded.
The adder completely misses you.
You miss the adder.
The adder is heavily wounded.
The adder closely misses you. The adder bites you.
You are poisoned.
The adder poisons you!
You miss the adder.
The adder is heavily wounded.
You feel sick. The adder bites you.
You barely miss the adder.
The adder is heavily wounded.
The adder bites you. The adder completely misses you.
You hit the adder but do no damage.
The adder is heavily wounded.
You feel sick. The adder barely misses you.
You barely miss the adder.
The adder is heavily wounded.
The adder bites you.
You are more poisoned.
The adder poisons you!
You closely miss the adder.
The adder is heavily wounded.
You feel sick. The adder bites you.
* * * LOW HITPOINT WARNING * * *
The adder misses you.
You hit the adder.
The adder is almost dead.
* * * LOW HITPOINT WARNING * * *
You feel sick. The adder closely misses you.
You riposte.
You closely miss the adder.
The adder is almost dead.
You barely miss the adder.
The adder is almost dead.
* * * LOW HITPOINT WARNING * * *
You feel sick. The adder bites you.
* * * LOW HITPOINT WARNING * * *
You are more poisoned.
The adder poisons you! The adder bites you but does no damage.
You hit the adder but do no damage.
The adder is almost dead.
* * * LOW HITPOINT WARNING * * *
You feel sick. The adder barely misses you.
You riposte.
You miss the adder.
The adder is almost dead.
Are you sure you want to abandon this character and quit the game? (Confirm with "yes".)

#.....>............# #.#
######.............# #.#
#.............# #.###
#.............# #.#..
#.............# #.#.#
#)............# #.#.#
########.############# #.#.#
...?.....###############.#.#
..?......wS@............)...
########.)#######.##.#####.#
#######.(## #.##.#####.#
......%w..# #..........#
...K....#.# #..........#
...........= #..........#
........##.## #..........#
.....<..# .. #....).....#
........# #.# #.##.#......


You could see a worm and an adder.

Vanquished Creatures
  An adder (D:2)
  5 dart slugs (D:1)
  A giant cockroach (D:1)
  A goblin (D:1)
  3 hobgoblins (D:1)
  A kobold (D:2)
  3 rats
15 creatures vanquished.

Vanquished Creatures (collateral kills)
  A dart slug (D:2)
  2 hobgoblins (D:2)
3 creatures vanquished.

Grand Total: 18 creatures vanquished

Notes
Turn   | Place    | Note
-------+----------+-------------------------------------------
     0 | D:1      | tidbits the High Elf Wanderer began the quest for the Orb.
     0 | D:1      | tidbits set off with: a wand of enslavement (15/24), a +0 falchion, a scroll of teleportation, a +0 robe, a +0 dagger, a bread ration
     0 | D:1      | Reached XP level 1. HP: 14/14 MP: 2/2
    29 | D:1      | Reached skill level 2 in Long Blades
    74 | D:1      | Reached XP level 2. HP: 16/19 MP: 3/3
   124 | D:1      | Reached skill level 3 in Long Blades
   426 | D:2      | HP: 1/19 [adder (2)]
   427 | D:2      | Reached XP level 3. HP: 18/24 MP: 4/4
   587 | D:2      | Quit the game

Skill      XL: |  1  2 |
---------------+-------+-----
Long Blades    | 2 3 |  3.9
Fighting       | |  2.0
Dodging        | |  2.1
Stealth        | |  4.3
Evocations     | |  1.0

Action                   || total
-------------------------++-------
Melee: Falchion          ||    62
Evoke: Wand              ||     1
  Use: Potion            ||     4
 Stab: Sleeping          ||     3
Armor: Robe              ||     5
Dodge: Dodged            ||    39
       Rpst.: Falchion   ||    14

Table legend:
 A = Turns spent in this place as a percentage of turns spent in the entire game.
 B = Non-inter-level travel turns spent in this place as a percentage of non-inter-level travel turns spent in the entire game.
 C = Inter-level travel turns spent in this place as a percentage of turns spent in this place.
 D = Turns resting spent in this place as a percentage of non-inter-level travel turns spent in this place.
 E = Turns spent auto-exploring this place as a percentage of non-inter-level travel turns spent in this place.
 F = Non-inter-level travel turns spent in this place divided by the number of levels of this place that you've seen.
                   A       B       C       D       E      F
               +-------+-------+-------+-------+-------+----------------------
         Total | 100.0 | 100.0 |   0.0 |   0.0 |   0.0 | 176.3
       Dungeon | 100.0 | 100.0 |   0.0 |   0.0 |   0.0 | 176.3
               +-------+-------+-------+-------+-------+----------------------

Table legend:
 A = Kills in this place as a percentage of kills in entire the game.
 B = Kills by you in this place as a percentage of kills by you in the entire game.
 C = Kills by friends in this place as a percentage of kills by friends in the entire game.
 D = Other kills in this place as a percentage of other kills in the entire game.
 E = Experience gained in this place as a percentage of experience gained in the entire game.
 F = Experience gained in this place divided by the number of levels of this place that you have seen.
                   A       B       C       D       E      F
               +-------+-------+-------+-------+-------+----------------------
         Total | 100.0 | 100.0 | 100.0 |  -nan | 100.0 |  17.3
       Dungeon | 100.0 | 100.0 | 100.0 |  -nan | 100.0 |  17.3
               +-------+-------+-------+-------+-------+----------------------

Vault maps used:
D:1:      lemuel_arrival_room, minmay_distorted
D:2:      first_bread, kennysheep_nondescript
D:3:      minitemple, ecumenical_altar_1, kennysheep_generic_room_14, uniq_robin
